 Dungeon Crawl Stone Soup version 0.29.0-13-gc9e81de378 (webtiles) character file.

Game seed: 5266461149862327072

51 brightshaft the Chopper (level 3, 0/35 HPs)
             Began as a Gnoll Cinder Acolyte on Sept 7, 2022.
             Was a High Priest of Ignis.
             Slain by an adder (1 damage)
             ... on level 2 of the Dungeon.
             The game lasted 00:01:52 (1502 turns).

brightshaft the Chopper (Gnoll Cinder Acolyte)      Turns: 1502, Time: 00:01:53

Health: 0/35       AC:  2    Str: 13    XL:     3   Next: 81%
Magic:  0/7        EV: 11    Int: 15    God:    Ignis [*****.]
Gold:   32         SH:  0    Dex:  7    Spells: 5/7 levels left

rFire   + . .      SeeInvis .   a - -1 hand axe (flame)
rCold   . . .      Faith    .   (no shield)
rNeg    . . .      Spirit   .   b - +0 robe
rPois   .          Reflect  .   (no helmet)
rElec   .          Harm     .   (no cloak)
rCorr   .          Rampage  .   (no gloves)
Will    .....                   (no boots)
Stlth   +.........              (no amulet)
HPRegen 0.11/turn               (no ring)
MPRegen 0.10/turn               (no ring)

@: lethally poisoned (0 -> -1)
A: fangs 1, strong nose, distributed training
a: Renounce Religion, Fiery Armour, Foxfire Swarm, Rising Flame


You were on level 2 of the Dungeon.
You worshipped Ignis.
Ignis was extremely pleased with you.
You visited 1 branch of the dungeon, and saw 2 of its levels.

You collected 32 gold pieces.

Inventory:

Hand Weapons
 a - a -1 hand axe of flaming (weapon)
Missiles
 c - 52 stones
 f - 3 boomerangs
Armour
 b - a +0 robe (worn)
Magical Staves
 d - a staff of poison
Scrolls
 e - 5 scrolls of amnesia {unknown}
 g - a scroll of blinking {unknown}
 h - a scroll of magic mapping {unknown}
 j - 2 scrolls of identify {unknown}
 l - 3 scrolls of poison {unknown}
Potions
 i - a potion of heal wounds {unknown}
 k - 2 potions of brilliance {unknown}


   Skills:
 + Level 6.5 Fighting
 + Level 1.0 Short Blades
 + Level 1.0 Long Blades
 + Level 6.5 Axes
 + Level 1.0 Maces & Flails
 + Level 1.0 Polearms
 + Level 1.0 Staves
 + Level 1.0 Ranged Weapons
 + Level 1.0 Throwing
 + Level 1.0 Armour
 + Level 1.0 Dodging
 + Level 1.0 Stealth
 + Level 1.0 Shields
 + Level 1.0 Unarmed Combat
 + Level 2.9 Spellcasting
 + Level 0.7 Conjurations
 + Level 0.7 Hexes
 + Level 0.7 Summonings
 + Level 0.7 Necromancy
 + Level 0.7 Translocations
 + Level 0.7 Transmutations
 + Level 5.4 Fire Magic
 + Level 0.7 Ice Magic
 + Level 0.7 Air Magic
 + Level 0.7 Earth Magic
 + Level 0.7 Poison Magic
 + Level 1.1 Invocations
 + Level 1.0 Evocations


You had 5 spell levels left.
You knew the following spells:

 Your Spells              Type           Power      Damage    Failure   Level
a - Scorch                Fire           36%        2d6       3%          2

Your spell library contained the following spells:

 Spells                   Type           Power      Damage    Failure   Level


Dungeon Overview and Level Annotations

Branches:
Dungeon (2/15)

Altars:


Innate Abilities, Weirdness & Mutations

You have very sharp teeth.
Your uncanny sense of smell can sniff out nearby items.
Your experience applies equally to all skills.


Message History

You miss the adder.
The adder is almost dead.
You hit the adder but do no damage.
You feel sick. The adder bites you.
You are more poisoned.
The adder poisons you! The adder bites you but does no damage.
You barely miss the adder.
The adder is almost dead.
You hit the adder. You burn the adder.
You feel sick. The adder bites you.
* * * LOW HITPOINT WARNING * * *
The adder misses you. The adder bites you.
* * * LOW HITPOINT WARNING * * *
Casting: Scorch (safe; 3% risk of failure)
Press: ? - help, Q - select action, (/) - cycle Dir - look around, f - activate Flames lash the adder.
You kill the adder!
You feel sick. The adder bites you.
* * * LOW HITPOINT WARNING * * *
The adder barely misses you.
Your Short Blades skill increases to level 1!
Your Long Blades skill increases to level 1!
Your Maces & Flails skill increases to level 1!
Your Polearms skill increases to level 1!
Your Staves skill increases to level 1!
Your Ranged Weapons skill increases to level 1!
Your Throwing skill increases to level 1!
Your Armour skill increases to level 1!
Your Dodging skill increases to level 1!
Your Stealth skill increases to level 1!
Your Shields skill increases to level 1!
Your Unarmed Combat skill increases to level 1!
Your Evocations skill increases to level 1!
You closely miss the adder. Your bite misses the adder.
The adder is almost dead.
You feel sick. The adder bites you.
* * * LOW HITPOINT WARNING * * *
You miss the adder.
The adder is almost dead.
* * * LOW HITPOINT WARNING * * *
You feel sick. The adder bites you.
You die...

#....#.# ∆
#....#.#.####
#....#.#.#.. #
###.##.#.#.###.#
#.##.........#
#.##.........#
#.##..)......#
#.# #.........
#.###.@†......
#...$..S...?..
#####.........
#.........
#######... .. .


You could see an adder.

Vanquished Creatures
  An adder (D:2)
  5 endoplasms
  2 giant cockroaches
  4 goblins
  2 hobgoblins (D:1)
  4 jackals (D:1)
  4 kobolds
  3 quokkas
  2 ball pythons (D:1)
  2 bats
  A frilled lizard (D:1)
  7 rats
37 creatures vanquished.

Notes
Turn   | Place    | Note
-------+----------+-------------------------------------------
     0 | D:1      | brightshaft the Gnoll Cinder Acolyte began the quest for
                  | the Orb.
     0 | D:1      | Reached XP level 1. HP: 23/23 MP: 4/4
    82 | D:1      | Reached XP level 2. HP: 17/29 MP: 5/5
    88 | D:1      | Learned a level 2 spell: Scorch
   747 | D:1      | Reached XP level 3. HP: 33/35 MP: 7/7
  1124 | D:1      | Reached skill level 1 in Invocations
  1501 | D:2      | Reached skill level 1 in Short Blades
  1501 | D:2      | Reached skill level 1 in Long Blades
  1501 | D:2      | Reached skill level 1 in Maces & Flails
  1501 | D:2      | Reached skill level 1 in Polearms
  1501 | D:2      | Reached skill level 1 in Staves
  1501 | D:2      | Reached skill level 1 in Ranged Weapons
  1501 | D:2      | Reached skill level 1 in Throwing
  1501 | D:2      | Reached skill level 1 in Armour
  1501 | D:2      | Reached skill level 1 in Dodging
  1501 | D:2      | Reached skill level 1 in Stealth
  1501 | D:2      | Reached skill level 1 in Shields
  1501 | D:2      | Reached skill level 1 in Unarmed Combat
  1501 | D:2      | Reached skill level 1 in Evocations
  1502 | D:2      | HP: 1/35 [poisoned by an adder]
  1502 | D:2      | Slain by an adder

Illustrated notes

Levels and vault maps discovered:
D:1:      minmay_arrival_shattered_statue, layout_loops_cross,
          minmay_tetromino_t2
D:2:      layout_basic, dreamdust_ecumenical_altar_statues, uniq_robin

Skill      XL: |  1  2  3 |
---------------+----------+-----
Invocations    | 1 |  1.1
Short Blades   | 1 |  1.0
Long Blades    | 1 |  1.0
Maces & Flails | 1 |  1.0
Polearms       | 1 |  1.0
Staves         | 1 |  1.0
Ranged Weapons | 1 |  1.0
Throwing       | 1 |  1.0
Armour         | 1 |  1.0
Dodging        | 1 |  1.0
Stealth        | 1 |  1.0
Shields        | 1 |  1.0
Unarmed Combat | 1 |  1.0
Evocations     | 1 |  1.0
Fighting       | |  6.5
Axes           | |  6.5
Spellcasting   | |  2.9
Conjurations   | |  0.7
Hexes          | |  0.7
Summonings     | |  0.7
Necromancy     | |  0.7
Translocations | |  0.7
Transmutations | |  0.7
Fire Magic     | |  5.4
Ice Magic      | |  0.7
Air Magic      | |  0.7
Earth Magic    | |  0.7
Poison Magic   | |  0.7

Action                   || total
-------------------------++-------
Melee: Hand axe          ||   111
       Bite              ||     6
 Cast: Scorch            ||    11
Armor: Robe              ||    27
Dodge: Dodged            ||    76
